AoeStats
← lorry7138

Migration

508854353Analyzed
1v1 RM · 6d ago on Sep 24, 2026· 43m 16s· 2 players
Game mode
Random Map
Map size
132×132
Population
200
Speed
Normal
Resources
Standard
Victory
Conquest
Starting age
Dark Age
Ending age
Imperial Age
RankedLock teamsTeams togetherTeam positionsShared explorationLock speedFull tech treeHidden civsTurbo modeCheats
Victory
Defeat
🇨🇳 Armenians · China
857
+16
🇨🇳 Portuguese · China
849
-16
风清扬
0:53 Loom
13:39 Feudal Age
17:12 Double-Bit Axe
17:10 Horse Collar
18:16 Wheelbarrow
22:43 Castle Age
20:48 Man-at-Arms
25:55 Medium Warships
26:41 Bow Saw
30:50 Gold Mining
30:51 Stone Mining
34:21 Stone Shaft Mining
35:38 Heavy Plow
36:41 Fletching
36:51 Padded Archer Armor
36:58 Scale Barding Armor
40:18 Imperial Age
39:31 Bodkin Arrow
39:47 Forging
39:38 Scale Mail Armor
41:35 Heavy Warships
41:07 Elite Organ Gun
42:32 Bloodlines
42:57 Cavalier
43:38 Husbandry
lorry7138
0:29 Loom
11:08 Feudal Age
12:23 Wheelbarrow
11:35 Town Watch
11:50 Double-Bit Axe
12:11 Fishing Lines
13:07 Gold Mining
18:41 Castle Age
16:25 Horse Collar
16:42 Fletching
16:51 Stone Mining
19:42 Bow Saw
20:11 Gold Shaft Mining
20:15 Medium Warships
20:20 Bodkin Arrow
21:13 Gillnets
22:19 Clinker Construction
22:07 Murder Holes
21:53 Treadmill Crane
23:12 Careening
25:38 Heavy Plow
26:58 Cilician Fleet
27:41 Hand Cart
33:50 Imperial Age
35:07 Heavy Warships
35:15 Carvel Hull
35:35 Bracer
35:58 Ballistics
37:46 Dry Dock
38:15 Masonry
38:19 Fervor
43:17 Town Patrol
Connection lost

Rejoining the realm…

Still unreachable

The connection could not be restored.

Session expired

The server has moved on; the page needs a fresh start.